[Event "Titled Tuesday Blitz June 20 Early 2023"]
[White "whiteglovethief"]
[Black "Mazurkiewicz, Michal"]
[BlackFideId "1124943"]
[WhiteElo "2511"]
[BlackElo "2063"]
[Result "0-1"]
[Round "10"]
[TimeControl "180+2"]
[Date "2023.06.20"]
[WhiteClock "0:00:56"]
[BlackClock "0:00:25"]
[Board "104"]

1. d4 Nf6 2. c4 e5 3. dxe5 Ng4 4. e3 Nxe5 5. Nh3 d5 6. Qxd5 Qe7 7. Nf4 c6 8. Qd1 Bf5 9. Be2 Nbd7 10. O-O O-O-O 11. Nc3 Nc5 12. Qe1 g5 13. Nh5 Ned3 14. Qd2 Nb4 15. Nd5 Nxd5 16. cxd5 Rxd5 17. Qc3 Qe5 18. Qxe5 Rxe5 19. b4 Na4 20. Bd1 Nc3 21. Bb2 Bxb4 22. Rc1 Rc5 23. Ng3 Bg6 24. Bxc3 Rxc3 25. Bg4+ Kc7 26. Rcd1 Rd8 27. Rxd8 Kxd8 28. e4 Rc2 29. Rb1 a5 30. Nf1 Bxe4 31. Rd1+ Ke8 32. Ne3 Rxa2 33. h4 gxh4 34. Rd7 f5 35. Rd4 Bc5 36. Bh5+ Ke7 37. Rd1 Bxe3 38. fxe3 Rxg2+ 39. Kf1 h3 0-1


[Site "https://www.chess.com"]

[Event "Titled Tuesday Blitz June 20 Early 2023"]
[White "Khamdamova, Afruza"]
[Black "Skaric, Djuro"]
[WhiteFideId "14210444"]
[BlackFideId "934569"]
[WhiteElo "2312"]
[BlackElo "2282"]
[Result "1-0"]
[Round "10"]
[TimeControl "180+2"]
[Date "2023.06.20"]
[WhiteClock "0:00:20"]
[BlackClock "0:00:03"]
[Board "105"]

1. e4 d6 2. Nf3 g6 3. Nc3 Bg7 4. d4 Nf6 5. h3 O-O 6. Be2 Nc6 7. O-O h6 8. Be3 e5 9. d5 Ne7 10. Qd2 Kh7 11. Nh2 Nfg8 12. f4 f5 13. fxe5 dxe5 14. Rad1 f4 15. Bf2 h5 16. Nf3 Bf6 17. Bc5 g5 18. d6 Nc6 19. dxc7 Qxd2 20. Rxd2 Rf7 21. Nd5 Kg6 22. Bc4 Be6 23. Rfd1 Rc8 24. Nxf6 Bxc4 25. Nxg8 Rxg8 26. Rd7 Rc8 27. R1d6+ Kg7 28. Rxf7+ Kxf7 29. Nxg5+ Kg7 30. Rd7+ Kg6 31. Nf3 Be6 32. Rd6 Kf6 33. b4 Rxc7 34. b5 Na5 35. Bf2 Nc4 36. Bh4+ Kf7 37. Ng5+ Kg7 38. Nxe6+ Kg6 39. Nxc7+ Nxd6 40. a4 Nxe4 41. Nd5 Nc5 42. a5 Kf5 43. Bf2 Na4 44. Bxa7 Ke6 45. a6 bxa6 46. Nc7+ Kd7 47. Nxa6 e4 48. c4 Nc3 49. b6 Kc6 50. Nb4+ Kb7 51. c5 e3 52. c6+ Ka8 53. c7 Kb7 54. Nc6 Nd5 55. Nd8+ Kc8 56. b7+ Kxc7 57. b8=Q+ 1-0


[Site "https://www.chess.com"]

[Event "Titled Tuesday Blitz June 20 Early 2023"]
[White "Reprintsev, Alexander"]
[Black "Ovezdurdyyeva, Jemal"]
[WhiteFideId "14100541"]
[BlackFideId "14001888"]
[WhiteElo "2229"]
[BlackElo "2069"]
[Result "0-1"]
[Round "10"]
[TimeControl "180+2"]
[Date "2023.06.20"]
[WhiteClock "0:01:46"]
[BlackClock "0:02:53"]
[Board "106"]

1. e4 d6 2. d4 Nf6 3. Nc3 g6 4. h4 h5 5. Nf3 c6 6. Ng5 Bg7 7. f3 b5 8. a3 a5 9. Be3 Bb7 10. Qd2 b4 11. axb4 axb4 12. Rxa8 bxc3 0-1


[Site "https://www.chess.com"]

[Event "Titled Tuesday Blitz June 20 Early 2023"]
[White "Sovetbekova, Nurai"]
[Black "Rios Escobar, Adan"]
[WhiteFideId "13801910"]
[BlackFideId "3403645"]
[WhiteElo "1857"]
[BlackElo "2479"]
[Result "1-0"]
[Round "10"]
[TimeControl "180+2"]
[Date "2023.06.20"]
[WhiteClock "0:00:09"]
[BlackClock "0:00:07"]
[Board "107"]

1. d4 Nf6 2. c4 g6 3. Nc3 Bg7 4. e4 d6 5. Nf3 O-O 6. Be2 Na6 7. O-O e5 8. Be3 Qe7 9. Qc2 exd4 10. Bxd4 Re8 11. Nd2 Nc5 12. Rfe1 Ng4 13. Bxg7 Kxg7 14. Bxg4 Bxg4 15. Nd5 Qe5 16. Nxc7 Rac8 17. Nxe8+ Qxe8 18. Nb3 Ne6 19. f3 Bh5 20. g4 Ng5 21. Qc3+ f6 22. gxh5 Qe6 23. Nd4 Qh3 24. f4 Qg4+ 25. Qg3 Nh3+ 26. Kh1 Qxh5 27. f5 Rxc4 28. Ne6+ Kh6 29. Rac1 Rb4 30. b3 g5 31. Re3 g4 32. Ree1 a5 33. Qe3+ Ng5 34. Nxg5 fxg5 35. Red1 Rb6 36. Qxb6 g3 37. Qxd6+ Kg7 38. Rc7+ Qf7 39. Rxf7+ Kxf7 40. Qe6+ Kg7 41. Rd7+ Kf8 42. Qf7# 1-0


[Site "https://www.chess.com"]

[Event "Titled Tuesday Blitz June 20 Early 2023"]
[White "Jiganchine, Roman"]
[Black "Rizzo, Tobias"]
[WhiteFideId "2603667"]
[BlackFideId "30942691"]
[WhiteElo "2336"]
[BlackElo "2474"]
[Result "0-1"]
[Round "10"]
[TimeControl "180+2"]
[Date "2023.06.20"]
[WhiteClock "0:00:03"]
[BlackClock "0:00:12"]
[Board "108"]

1. e4 c5 2. Nf3 e6 3. g3 Nc6 4. Bg2 g6 5. O-O Bg7 6. Re1 Nge7 7. e5 O-O 8. d3 d6 9. exd6 Qxd6 10. Nbd2 a6 11. a4 Rb8 12. a5 Nd5 13. Nc4 Qe7 14. c3 Rd8 15. Qc2 b5 16. axb6 Nxb6 17. Bf4 Rb7 18. Nce5 Nxe5 19. Nxe5 Bxe5 20. Bxe5 Rbd7 21. Rad1 Bb7 22. h4 Bxg2 23. Kxg2 Nd5 24. Qc1 Rb7 25. c4 Nb4 26. Re3 Rbd7 27. h5 Rxd3 28. Rdxd3 Rxd3 29. Bc3 Rd8 30. Re4 Qb7 31. f3 Nd3 32. Qe3 Qc6 33. hxg6 hxg6 34. Rh4 e5 35. Qh6 Qf6 36. Qh7+ Kf8 37. Qh8+ Ke7 38. Bxe5 Nxe5 39. Qxf6+ Kxf6 40. Rf4+ Ke6 41. Re4 Rd2+ 42. Kh3 Kf5 43. Rf4+ Kg5 44. Re4 Nxf3 45. Rg4+ Kh5 46. Rf4 Ng1# 0-1


[Site "https://www.chess.com"]

[Event "Titled Tuesday Blitz June 20 Early 2023"]
[White "MAHanif"]
[Black "Papayan, Oleg"]
[BlackFideId "4193911"]
[WhiteElo "2332"]
[BlackElo "2167"]
[Result "0-1"]
[Round "10"]
[TimeControl "180+2"]
[Date "2023.06.20"]
[WhiteClock "0:01:11"]
[BlackClock "0:01:02"]
[Board "109"]

1. d4 Nf6 2. Nf3 d5 3. g3 c5 4. Bg2 cxd4 5. O-O h6 6. Nxd4 e5 7. Nf3 Nc6 8. c4 dxc4 9. Qa4 Bd7 10. Qxc4 Be7 11. Nc3 O-O 12. Rd1 Rc8 13. Qb3 Na5 14. Qc2 Qc7 15. Be3 Nc4 16. Bc1 Rfd8 17. Nd5 Nxd5 18. Rxd5 Be6 19. Rxd8+ Qxd8 20. Qd3 e4 21. Qxd8+ Rxd8 22. Ne1 Rd1 23. Kf1 Bb4 0-1


[Site "https://www.chess.com"]

[Event "Titled Tuesday Blitz June 20 Early 2023"]
[White "Zheenbekov, Nurgazy"]
[Black "Brueckner, Thomas"]
[WhiteFideId "13800485"]
[BlackFideId "4600452"]
[WhiteElo "1975"]
[BlackElo "2319"]
[Result "0-1"]
[Round "10"]
[TimeControl "180+2"]
[Date "2023.06.20"]
[WhiteClock "0:00:00"]
[BlackClock "0:00:24"]
[Board "110"]

1. Nf3 d5 2. g3 c5 3. Bg2 Nc6 4. O-O e6 5. d3 Nf6 6. Nbd2 Be7 7. e4 Qc7 8. Re1 b6 9. Qe2 Bb7 10. e5 Nd7 11. c3 g5 12. h3 O-O-O 13. Nf1 Rdg8 14. a3 h5 15. g4 hxg4 16. hxg4 Nf8 17. b4 Ng6 18. b5 Na5 19. N3h2 Nb3 20. Rb1 Nxc1 21. Rbxc1 Nf4 22. Qf3 Nxg2 23. Qxg2 d4 24. Qg3 dxc3 25. Rxc3 Rh4 26. f3 Rgh8 27. Re2 Rh3 28. Qe1 Kb8 29. Ng3 Qd7 30. Nh5 Qd4+ 31. Kg2 Rxh2+ 32. Kxh2 Bxf3 33. Re4 Bxe4 34. dxe4 Qxe5+ 35. Kg2 Rd8 36. Rf3 f6 37. Ng3 c4 38. a4 Bc5 39. a5 bxa5 40. b6 Bxb6 41. Nh5 Rd3 42. Qe2 Rxf3 43. Kxf3 Qc3+ 44. Kg2 Qd4 45. Qf3 c3 46. Nxf6 c2 47. Qa3 Qg1+ 48. Kh3 Qh1+ 49. Kg3 Bc7+ 50. e5 Bxe5+ 51. Kf2 Qh2+ 0-1


[Site "https://www.chess.com"]

[Event "Titled Tuesday Blitz June 20 Early 2023"]
[White "Kuzmin, Ilya"]
[Black "Gomez Barrera, Javiera Belen"]
[WhiteFideId "4153863"]
[BlackFideId "3418723"]
[WhiteElo "2093"]
[BlackElo "2119"]
[Result "0-1"]
[Round "10"]
[TimeControl "180+2"]
[Date "2023.06.20"]
[WhiteClock "0:00:19"]
[BlackClock "0:00:08"]
[Board "111"]

1. d4 Nf6 2. c4 e6 3. Nf3 d5 4. cxd5 exd5 5. Qc2 g6 6. Bf4 c6 7. e3 Bf5 8. Bd3 Bxd3 9. Qxd3 Bd6 10. Bh6 Bf8 11. Bg5 h6 12. Bh4 Be7 13. Nc3 Nbd7 14. O-O O-O 15. b4 Re8 16. b5 Ne4 17. Nxe4 dxe4 18. Qxe4 Bxh4 19. Qxh4 Qxh4 20. Nxh4 cxb5 21. Rab1 a6 22. a4 Nb6 23. axb5 a5 24. Nf3 a4 25. Ne5 a3 26. Nd3 Rec8 27. Nc5 Na4 28. Nxb7 Nc3 29. Ra1 Nxb5 30. g3 Rc2 31. Nc5 Nc3 32. Kg2 a2 33. Kf3 Rb8 34. Ne4 Nd5 35. Nc5 Rbb2 36. e4 Nc3 37. Kg2 Rb1 38. Nd3 Rxf1 39. Kxf1 Rd2 40. Nb4 Rb2 41. Nxa2 Nxa2 42. d5 Kf8 43. h4 Nc3 44. Re1 Ke7 45. e5 Nxd5 46. Kg2 Rb3 47. h5 g5 48. Kh3 Rf3 49. Kg2 Rf5 50. f3 Ke6 51. Rb1 Rxe5 52. Rb7 Kf6 53. Rd7 Ne3+ 54. Kf2 Nf5 55. Rc7 Re6 56. Rc5 Ne7 57. Ra5 Rc6 58. Ra7 Rc2+ 59. Kg1 Nf5 60. Ra6+ Kg7 61. g4 Nh4 62. Ra3 Kf6 63. Kf1 Ke5 64. Ke1 Kf4 65. Kd1 Rc6 66. Ra6 Rxa6 0-1


[Site "https://www.chess.com"]

[Event "Titled Tuesday Blitz June 20 Early 2023"]
[White "Rosh Jain"]
[Black "Sai Han Thiha"]
[WhiteFideId "25789465"]
[BlackFideId "13012290"]
[WhiteElo "2233"]
[BlackElo "1953"]
[Result "0-1"]
[Round "10"]
[TimeControl "180+2"]
[Date "2023.06.20"]
[WhiteClock "0:01:05"]
[BlackClock "0:00:36"]
[Board "112"]

1. e4 c6 2. Nc3 d5 3. Nf3 Bg4 4. h3 Bxf3 5. Qxf3 e6 6. Be2 Nf6 7. O-O Be7 8. Rd1 d4 9. Nb1 O-O 10. d3 e5 11. Qg3 Nfd7 12. f4 Bh4 13. Qg4 h6 14. f5 Bg5 15. Nd2 Be3+ 16. Kh1 Qg5 17. Qf3 Qf4 18. Qxf4 exf4 19. Nf3 c5 20. b4 b6 21. bxc5 bxc5 22. Rb1 Nc6 23. Rb7 Rfd8 24. Ba3 a5 25. Rdb1 Nb4 26. Bxb4 axb4 27. Ra1 f6 28. Kh2 Ra3 29. g3 Ne5 30. Nxe5 fxe5 31. Re7 fxg3+ 32. Kxg3 Rda8 33. Rxe5 Rxa2 34. Rxa2 Rxa2 35. Rxc5 b3 36. Rc8+ Kh7 37. Bh5 g5 38. f6 Rxc2 39. Rb8 Bf4+ 40. Kf3 Bxb8 41. f7 Kg7 0-1


[Site "https://www.chess.com"]

[Event "Titled Tuesday Blitz June 20 Early 2023"]
[White "Itkis, Boris"]
[Black "agvania123"]
[WhiteFideId "1209167"]
[WhiteElo "2219"]
[BlackElo "2271"]
[Result "1-0"]
[Round "10"]
[TimeControl "180+2"]
[Date "2023.06.20"]
[WhiteClock "0:01:43"]
[BlackClock "0:00:50"]
[Board "113"]

1. c4 Nf6 2. Nf3 e6 3. e3 d5 4. b3 c6 5. Bb2 Nbd7 6. d4 Bb4+ 7. Nbd2 O-O 8. Bd3 b6 9. O-O Bb7 10. Qc2 c5 11. dxc5 Bxc5 12. Rfd1 dxc4 13. Nxc4 Qe7 14. a3 a5 15. Nfe5 Nxe5 16. Nxe5 Rfd8 17. Qe2 Rac8 18. Ba6 Bxa6 19. Qxa6 Rxd1+ 20. Rxd1 Rd8 21. Rc1 Qd6 22. Qe2 Nd5 23. Nc4 Qe7 24. g3 b5 25. Nxa5 Rc8 26. b4 1-0


[Site "https://www.chess.com"]

[Event "Titled Tuesday Blitz June 20 Early 2023"]
[White "Herzog2012"]
[Black "De Souza, Cristiano Gomes"]
[BlackFideId "2151758"]
[WhiteElo "2431"]
[BlackElo "2068"]
[Result "1-0"]
[Round "10"]
[TimeControl "180+2"]
[Date "2023.06.20"]
[WhiteClock "0:00:06"]
[BlackClock "0:01:42"]
[Board "114"]

1. e4 c5 2. Nf3 d6 3. d4 cxd4 4. Nxd4 Nf6 5. Nc3 g6 6. Be3 Bg7 7. f3 O-O 8. Qd2 Nc6 9. O-O-O d5 10. Nxc6 bxc6 11. Bh6 Qa5 12. Bxg7 Kxg7 13. h4 dxe4 14. Qg5 Qxg5+ 15. hxg5 Nh5 16. Nxe4 Bf5 17. Rh4 Bxe4 18. Rxe4 Ng3 19. Rxe7 Rfe8 20. Rxe8 Rxe8 21. Bc4 Re7 22. Rd6 Re1+ 23. Kd2 Rg1 24. Rd7 Rxg2+ 25. Kd3 h6 26. Rxf7+ Kh8 27. gxh6 Nf5 28. Rxa7 Nxh6 29. Rc7 Rf2 30. Rxc6 Rxf3+ 31. Ke4 Rg3 32. a4 Nf5 33. a5 Rg1 34. a6 Kg7 35. a7 Ra1 36. Ra6 Nd6+ 37. Kd5 Rxa6 38. Bxa6 Nf5 39. a8=Q Kf6 40. Qf8+ Kg5 41. Ke5 Nh4 42. Qf6+ Kh5 43. Qxh4+ Kxh4 44. Bc8 g5 45. b4 g4 46. Bxg4 Kxg4 47. b5 1-0


[Site "https://www.chess.com"]

[Event "Titled Tuesday Blitz June 20 Early 2023"]
[White "Fudalej, Michal"]
[Black "Mrudul Dehankar"]
[WhiteFideId "1118781"]
[BlackFideId "25096990"]
[WhiteElo "2088"]
[BlackElo "2139"]
[Result "1-0"]
[Round "10"]
[TimeControl "180+2"]
[Date "2023.06.20"]
[WhiteClock "0:00:17"]
[BlackClock "0:00:00"]
[Board "115"]

1. Nf3 Nf6 2. g3 b5 3. a4 b4 4. a5 a6 5. Bg2 Bb7 6. c3 c5 7. d4 e6 8. O-O Be7 9. Nbd2 O-O 10. Nc4 Nc6 11. Be3 Nd5 12. Qd2 Nxe3 13. Qxe3 d5 14. Nb6 Rb8 15. dxc5 bxc3 16. Qxc3 d4 17. Qc4 e5 18. Rfd1 Bf6 19. e3 Qe7 20. Nd5 Qe6 21. Nxf6+ Qxf6 22. exd4 e4 23. Ne1 Rfe8 24. Nc2 Rbd8 25. b4 Ne7 26. b5 Bd5 27. Qe2 axb5 28. Qxb5 Rb8 29. Qd7 Bc6 30. Qc7 Nd5 31. Qd6 Nc3 32. Qxf6 gxf6 33. Re1 f5 34. Ne3 Bd7 35. a6 Ra8 36. Bf1 Reb8 37. d5 Bb5 38. c6 Bxf1 39. Kxf1 Rb6 40. Rec1 Nb5 41. Nc4 Rbxa6 42. Rxa6 Rxa6 43. Ne3 Ra8 44. Nxf5 1-0


[Site "https://www.chess.com"]

[Event "Titled Tuesday Blitz June 20 Early 2023"]
[White "Cueto, Jonny"]
[Black "Ai, Evan"]
[WhiteFideId "3300145"]
[BlackFideId "2094770"]
[WhiteElo "2240"]
[BlackElo "1963"]
[Result "0-1"]
[Round "10"]
[TimeControl "180+2"]
[Date "2023.06.20"]
[WhiteClock "0:00:00"]
[BlackClock "0:01:35"]
[Board "116"]

1. d4 Nf6 2. Bf4 d5 3. e3 c5 4. Nf3 Nc6 5. Nbd2 e6 6. c3 cxd4 7. exd4 Nh5 8. Be5 f6 9. Bg3 Bd6 10. Bd3 Nf4 11. Bxf4 Bxf4 12. O-O O-O 13. Re1 e5 14. dxe5 fxe5 15. Qb3 Kh8 16. Bb5 e4 17. g3 exf3 18. Nxf3 Bc7 19. Nh4 Qf6 20. Re2 Bg4 21. Rd2 Bb6 22. Qc2 Ne5 23. Re1 Bh3 24. Rde2 Nf3+ 25. Nxf3 Qxf3 0-1


[Site "https://www.chess.com"]

[Event "Titled Tuesday Blitz June 20 Early 2023"]
[White "Sariego Figueredo, Wilfredo"]
[Black "i_like_explosions"]
[WhiteFideId "3500080"]
[WhiteElo "2309"]
[BlackElo "2409"]
[Result "0-1"]
[Round "10"]
[TimeControl "180+2"]
[Date "2023.06.20"]
[WhiteClock "0:00:00"]
[BlackClock "0:00:10"]
[Board "117"]

1. d4 Nf6 2. Bf4 c5 3. d5 d6 4. c4 g6 5. Nc3 Bg7 6. e4 O-O 7. Be2 Nbd7 8. Nf3 a6 9. a4 Ng4 10. h3 Nge5 11. Nxe5 Nxe5 12. O-O h6 13. Be3 g5 14. f4 gxf4 15. Bxf4 Qb6 16. Qc1 Kh7 17. Bxe5 Bxe5 18. a5 Qd8 19. Bh5 f6 20. Kh1 Rg8 21. Rf2 Rg5 22. Bf3 Bd4 23. Rf1 Qg8 24. Ne2 Be5 25. Nf4 Bxf4 26. Qxf4 Bd7 27. b4 Qc8 28. bxc5 Qxc5 29. Be2 b6 30. axb6 Qxb6 31. h4 Rgg8 32. Bd3 Qd4 33. e5+ Qxd3 34. exf6 exf6 35. Qxf6 Rg7 36. Qxd6 Bf5 37. Rf3 Qe4 38. Qf6 Bd7 39. Raf1 Rag8 40. R1f2 Qxc4 41. d6 Qe4 42. Rf4 Qb1+ 43. Rf1 Qb5 44. R1f2 Qd5 45. R4f3 a5 46. Rc3 Rxg2 47. Qe7+ R2g7+ 48. Kh2 Rxe7 49. dxe7 Qe5+ 0-1


[Site "https://www.chess.com"]

[Event "Titled Tuesday Blitz June 20 Early 2023"]
[White "Gubajdullin, Alexei"]
[Black "Melikhov, Evgeny V."]
[WhiteFideId "4141202"]
[BlackFideId "4122046"]
[WhiteElo "2279"]
[BlackElo "2158"]
[Result "1-0"]
[Round "10"]
[TimeControl "180+2"]
[Date "2023.06.20"]
[WhiteClock "0:00:43"]
[BlackClock "0:00:07"]
[Board "118"]

1. d4 Nf6 2. Nf3 d5 3. Bf4 e6 4. e3 Bd6 5. Nbd2 O-O 6. Bd3 c5 7. c3 Qc7 8. Ne5 Nbd7 9. Ndf3 Ne4 10. Nxd7 Bxd7 11. Bxd6 Qxd6 12. O-O Nf6 13. Ne5 Rfc8 14. f4 g6 15. Rf3 Ne4 16. Rh3 Qe7 17. Bxe4 dxe4 18. dxc5 Be8 19. Qd6 Qf8 20. Ng4 Rxc5 21. Nf6+ Kg7 22. Qd4 e5 23. fxe5 h5 24. e6 Kh6 25. e7 Qg7 26. Nxe8 Qxd4 27. exd4 Rc6 28. d5 Rb6 29. d6 Rxe8 30. d7 1-0


[Site "https://www.chess.com"]

[Event "Titled Tuesday Blitz June 20 Early 2023"]
[White "Srdanovic, Jovana"]
[Black "Petrova, Irina"]
[WhiteFideId "954810"]
[BlackFideId "14124122"]
[WhiteElo "2155"]
[BlackElo "2084"]
[Result "0-1"]
[Round "10"]
[TimeControl "180+2"]
[Date "2023.06.20"]
[WhiteClock "0:00:03"]
[BlackClock "0:01:23"]
[Board "119"]

1. d4 d6 2. c4 e5 3. d5 Be7 4. e4 a5 5. Nc3 Na6 6. Bd3 Nc5 7. Bc2 Nf6 8. h3 O-O 9. Nge2 h6 10. Be3 b6 11. Qd2 Nh7 12. f4 exf4 13. Bxf4 Bg5 14. g3 Re8 15. O-O-O Ba6 16. Bd3 Nf6 17. Bxg5 Nxd3+ 18. Qxd3 hxg5 19. h4 Nd7 20. hxg5 Qxg5+ 21. Kb1 Nc5 22. Qc2 Bxc4 23. Nf4 Qxg3 24. Nh5 Qf3 25. Rdg1 Bd3 26. Rxg7+ Kf8 27. Rhg1 Bxc2+ 28. Kxc2 Qxh5 29. e5 Qf5+ 30. Kc1 Nd3+ 31. Kd2 Nxe5 32. Ne2 Qd3+ 33. Ke1 Nf3+ 34. Kf2 Rxe2+ 35. Kg3 Nxg1+ 36. Kg4 0-1


[Site "https://www.chess.com"]

[Event "Titled Tuesday Blitz June 20 Early 2023"]
[White "Toncheva, Nadya"]
[Black "Buscar, Michael"]
[WhiteFideId "2924056"]
[BlackFideId "2603616"]
[WhiteElo "2101"]
[BlackElo "2010"]
[Result "1-0"]
[Round "10"]
[TimeControl "180+2"]
[Date "2023.06.20"]
[WhiteClock "0:01:50"]
[BlackClock "0:00:08"]
[Board "121"]

1. d4 Nf6 2. c4 e6 3. Nc3 d5 4. cxd5 exd5 5. Bg5 Be7 6. e3 c6 7. Qc2 O-O 8. Bd3 Nbd7 9. Nge2 Re8 10. O-O Nf8 11. f3 g6 12. Rad1 Ne6 13. Bh4 Ng7 14. Bf2 Bf5 15. e4 Be6 16. e5 Nd7 17. Kh1 Bf5 18. g4 Bxd3 19. Qxd3 Bh4 20. Ng3 Ne6 21. Be3 c5 22. dxc5 Nxe5 23. Qxd5 Qxd5 24. Nxd5 Nc4 25. Bc1 Rad8 26. b3 Ne5 27. g5 Kf8 28. Ne4 Rc8 29. Nd6 Rxc5 30. Nxe8 Kxe8 31. Nf6+ Ke7 32. Ba3 b6 33. Bxc5+ Nxc5 34. f4 Ned3 35. Kg2 Ke6 36. b4 Nxb4 37. Kh3 1-0


[Site "https://www.chess.com"]

[Event "Titled Tuesday Blitz June 20 Early 2023"]
[White "Corredor Castellanos, Camilo"]
[Black "Kohler, Aran"]
[WhiteFideId "4425871"]
[BlackFideId "1002856"]
[WhiteElo "1994"]
[BlackElo "2307"]
[Result "1-0"]
[Round "10"]
[TimeControl "180+2"]
[Date "2023.06.20"]
[WhiteClock "0:00:20"]
[BlackClock "0:00:32"]
[Board "122"]

1. e4 c6 2. d4 d5 3. Nc3 dxe4 4. Nxe4 Bf5 5. Ng3 Bg6 6. Nf3 Nd7 7. Be2 e6 8. O-O Ngf6 9. c3 Bd6 10. Re1 O-O 11. Bf1 Qc7 12. Qb3 Rad8 13. a4 c5 14. a5 cxd4 15. cxd4 Nd5 16. Bd2 Qb8 17. Bc4 N7f6 18. Ne5 Rc8 19. Rac1 Rfd8 20. Bg5 h6 21. Bxf6 gxf6 22. Nxg6 fxg6 23. Rxe6 Bf8 24. Rce1 Kg7 25. Bxd5 Rxd5 26. Qxd5 Qc7 27. Qf3 Qf7 28. h4 Bb4 29. R1e2 Rc1+ 30. Kh2 h5 31. a6 b6 32. Qb7 Rc7 33. Qe4 Bf8 34. d5 Rd7 35. Qf3 Bd6 36. Kh3 Be5 37. Qe4 Rd6 38. f4 Rxe6 39. dxe6 Qxe6+ 40. Kh2 Qc8 41. fxe5 1-0


[Site "https://www.chess.com"]

[Event "Titled Tuesday Blitz June 20 Early 2023"]
[White "Samaganova, Aleksandra"]
[Black "LangesNasenhaar"]
[WhiteFideId "13800221"]
[WhiteElo "1858"]
[BlackElo "2442"]
[Result "1/2-1/2"]
[Round "10"]
[TimeControl "180+2"]
[Date "2023.06.20"]
[WhiteClock "0:00:07"]
[BlackClock "0:00:07"]
[Board "123"]

1. c4 b6 2. Nc3 Bb7 3. e4 e6 4. d4 Bb4 5. Bd3 f5 6. d5 fxe4 7. Bxe4 Qh4 8. Qe2 Nf6 9. Bd3 O-O 10. Nf3 Qg4 11. O-O Bxc3 12. bxc3 exd5 13. h3 Qh5 14. cxd5 Bxd5 15. Bc4 Nc6 16. Rd1 Bxc4 17. Qxc4+ Kh8 18. Bg5 Qf7 19. Qh4 d6 20. Qa4 Ne7 21. Nd4 a6 22. Re1 Rfe8 23. Re2 Ned5 24. Rxe8+ Qxe8 25. Qc4 b5 26. Qd3 Qf7 27. Re1 Re8 28. Rd1 h6 29. Bh4 g5 30. Bg3 Ne4 31. Ne2 Ndf6 32. Qd4 Kh7 33. Qd3 Qg6 34. Qd4 Nc5 35. Nc1 Nfe4 36. Nb3 Ne6 37. Qd5 Nxg3 38. fxg3 Qf6 39. Qd3+ Qg6 40. Qd5 Ng7 41. Nd4 Re7 42. Qc6 Re3 43. Nf3 Qe4 44. Qxc7 Qe7 45. Qxe7 Rxe7 46. Rxd6 Re3 47. Rxa6 Rxc3 48. Rb6 Rc1+ 49. Kh2 Nf5 50. Rxb5 Ne3 51. Rb7+ Kg8 52. Re7 Rc3 53. Nd4 Nf1+ 54. Kg1 Rc1 55. Kf2 Nd2 56. Ke3 Nf1+ 57. Kf2 Nd2 58. Nf5 Rc2 59. Nxh6+ Kf8 60. Rf7+ Ke8 61. Ke1 Nc4 62. Kd1 Ne3+ 63. Ke1 Rxg2 64. Rb7 Nc2+ 65. Kd1 Ne3+ 66. Kc1 Rxa2 67. Rb8+ Ke7 68. Rb6 Rc2+ 69. Kb1 Rh2 70. Ng4 Nxg4 71. hxg4 Rg2 72. Rb3 Rf2 73. Rb5 Kf6 74. Rb6+ Kg7 75. Rb5 Kg6 76. Rb6+ Kf7 77. Rb5 Rf1+ 78. Kc2 Kf6 79. Rb6+ Ke7 80. Rb5 Rf2+ 81. Kd1 Kf6 82. Rb6+ Ke7 83. Rb5 Kf6 84. Rb6+ Ke7 85. Rg6 Rg2 86. Rxg5 Rxg3 87. Ke2 Kf6 88. Rf5+ Kg6 89. Rf4 Ra3 90. Rb4 Kg5 91. Kf2 Ra2+ 92. Kf3 Ra3+ 93. Kf2 Ra2+ 94. Kf3 Ra3+ 95. Kf2 1/2-1/2


[Site "https://www.chess.com"]

[Event "Titled Tuesday Blitz June 20 Early 2023"]
[White "Simonovic, Miroslav"]
[Black "Balla, Tamas-Kristof"]
[WhiteFideId "919152"]
[BlackFideId "1208497"]
[WhiteElo "2075"]
[BlackElo "2334"]
[Result "1-0"]
[Round "10"]
[TimeControl "180+2"]
[Date "2023.06.20"]
[WhiteClock "0:00:49"]
[BlackClock "0:00:37"]
[Board "124"]

1. d4 d5 2. Bg5 g6 3. h4 Bg7 4. e3 Nf6 5. Bxf6 Bxf6 6. h5 Bf5 7. g4 Bd7 8. f4 e5 9. g5 exf4 10. gxf6 Qxf6 11. Qf3 Qb6 12. Nd2 Nc6 13. O-O-O O-O-O 14. Qxf4 Bf5 15. Bh3 Bxh3 16. Rxh3 Rhe8 17. Ne2 f5 18. hxg6 hxg6 19. Rh7 Nb4 20. Nc3 Re6 21. Rdh1 Rc6 22. Rh8 Rxc3 23. Rxd8+ Kxd8 24. Rh8+ Kd7 25. bxc3 Nxa2+ 26. Kd1 Nxc3+ 27. Ke1 Qa6 28. Rh7+ Kc6 29. Qxc7+ 1-0


[Site "https://www.chess.com"]

[Event "Titled Tuesday Blitz June 20 Early 2023"]
[White "Gomes, Luiz Alexandre de Souza"]
[Black "Mayaud, Raphael"]
[WhiteFideId "2102790"]
[BlackFideId "627151"]
[WhiteElo "2415"]
[BlackElo "2191"]
[Result "1/2-1/2"]
[Round "10"]
[TimeControl "180+2"]
[Date "2023.06.20"]
[WhiteClock "0:00:35"]
[BlackClock "0:00:14"]
[Board "125"]

1. e4 d5 2. exd5 Qxd5 3. Nc3 Qa5 4. Bc4 c6 5. d3 Nf6 6. Bd2 Qc7 7. Qe2 e6 8. O-O-O b5 9. Bb3 a5 10. a4 b4 11. Ne4 Be7 12. g3 Nxe4 13. Qxe4 O-O 14. Nf3 Nd7 15. h4 Nc5 16. Qg4 Nxb3+ 17. cxb3 e5 18. Qe4 Be6 19. Kc2 Bd5 20. Qe3 Bd6 21. Rhe1 Rae8 22. Ng5 f6 23. Ne4 Be7 24. Bc1 Qd7 25. Nd2 Bd6 26. Nc4 Bc7 27. Qc5 Qe7 28. Be3 Qxc5 29. Bxc5 Rf7 30. d4 e4 31. Ne3 f5 32. Nxd5 cxd5 33. Kd2 f4 34. gxf4 Rxf4 35. Ke2 Re6 36. Rh1 Ref6 37. Rdf1 Rf3 38. Rhg1 Rxb3 39. Rb1 Rff3 40. Rg5 Rh3 41. Rxd5 Rxh4 42. Rd7 Bf4 43. d5 e3 44. Bxe3 Bxe3 45. fxe3 Re4 46. Rg1 Rbxe3+ 47. Kd2 Re2+ 48. Kd1 g6 49. Rf1 Re7 50. Rd8+ Re8 51. Rd7 R2e7 52. Rd6 Re4 53. Rd7 R4e7 54. Rd6 Re4 55. Rd7 R4e7 1/2-1/2


[Site "https://www.chess.com"]

[Event "Titled Tuesday Blitz June 20 Early 2023"]
[White "Sarkar, Justin"]
[Black "Gatterer, Florian"]
[WhiteFideId "2010011"]
[BlackFideId "811688"]
[WhiteElo "2151"]
[BlackElo "2221"]
[Result "1/2-1/2"]
[Round "10"]
[TimeControl "180+2"]
[Date "2023.06.20"]
[WhiteClock "0:01:23"]
[BlackClock "0:02:32"]
[Board "126"]

1. e4 c5 2. Nf3 e6 3. d4 cxd4 4. Nxd4 Nf6 5. Nc3 Nc6 6. Nxc6 bxc6 7. e5 Nd5 8. Nxd5 cxd5 9. Bd3 Qc7 10. Qe2 Bb4+ 11. Kf1 O-O 1/2-1/2


[Site "https://www.chess.com"]

[Event "Titled Tuesday Blitz June 20 Early 2023"]
[White "KorolDimitriy75"]
[Black "Larina, Maria"]
[BlackFideId "24113182"]
[WhiteElo "2410"]
[BlackElo "1848"]
[Result "1-0"]
[Round "10"]
[TimeControl "180+2"]
[Date "2023.06.20"]
[WhiteClock "0:00:29"]
[BlackClock "0:00:00"]
[Board "127"]

1. d4 f5 2. c4 Nf6 3. Nf3 g6 4. g3 Bg7 5. Bg2 O-O 6. O-O d6 7. Nc3 Nc6 8. d5 Na5 9. Nd2 c5 10. Qc2 e5 11. dxe6 Bxe6 12. b3 d5 13. cxd5 Nxd5 14. Bb2 Nb4 15. Qc1 Bh6 16. Rd1 Qe7 17. Na4 Rac8 18. Qc3 Bg7 19. Qxg7+ Qxg7 20. Bxg7 Kxg7 21. Nf3 b6 22. Ng5 Rfe8 23. Nxe6+ Rxe6 24. Rd7+ Kh6 25. e3 Nac6 26. a3 Nc2 27. Ra2 Ne1 28. Bh1 Ne5 29. Rd1 N5f3+ 30. Kf1 b5 31. Nc3 c4 32. bxc4 Rxc4 33. Nxb5 a6 34. Nd4 Nxd4 35. exd4 Rc7 36. Rad2 Rce7 37. d5 Re5 38. d6 Re8 39. d7 Rd8 40. Bc6 Nf3 41. Rd3 Ng5 42. f4 1-0


[Site "https://www.chess.com"]